 Dungeon Crawl Stone Soup version 0.18-a0-1196-g09327cf (webtiles) character file.

71 abixa the Cudgeler (level 4, -1/44 HPs)
             Began as an Ogre Gladiator on Jan 29, 2016.
             Slain by a phantom (3 damage)
             ... on level 2 of the Dungeon.
             The game lasted 00:08:48 (2515 turns).

abixa the Cudgeler (Ogre Gladiator)                 Turns: 2515, Time: 00:08:49

Health: -1/44      AC:  3    Str: 20    XL:     4   Next: 24%
Magic:  4/4        EV:  7    Int:  7    God:
Gold:   140        SH:  9    Dex: 11    Spells: 0 memorised, 3 levels left

rFire  . . .     SeeInvis .     a - +0 flail
rCold  + . .     Gourm    .     b - +0 robe
rNeg   . . .     Faith    .     m - +2 shield
rPois  .         Spirit   .     c - +0 hat
rElec  .         Dismiss  .     (no cloak)
rCorr  .         Reflect  .     (gloves unavailable)
SustAt .         Harm     .     (boots unavailable)
MR     .....                    (no amulet)
Stlth  +.........               (no ring)
                                v - ring of protection from cold

@: not resistant to hostile enchantments, very unstealthy
A: unfitting armour, tough skin 1
a: no special abilities


You were on level 2 of the Dungeon.
You were hungry.

You visited 1 branch of the dungeon, and saw 3 of its levels.

You collected 140 gold pieces.

Inventory:

Hand Weapons
 a - a +0 flail (weapon)
Missiles
 d - 3 throwing nets
 i - 21 sling bullets
 l - 43 stones
 p - 20 poisoned needles
 t - 3 javelins (quivered)
 y - 52 bolts
Armour
 b - a +0 robe (worn)
 c - a +0 hat (worn)
 m - a +2 shield (worn)
Jewellery
 v - a ring of protection from cold (left hand)
Scrolls
 g - a scroll of immolation
 r - 2 scrolls of recharging
 w - 2 scrolls of teleportation
 z - a scroll of fog {unknown}
 A - a scroll of amnesia {unknown}
Potions
 h - 2 potions of flight {unknown}
 o - 2 potions of curing {unknown}
 s - a potion of heal wounds {unknown}
 u - a potion of brilliance {unknown}
 x - a potion of resistance {unknown}
Comestibles
 f - 2 bread rations
 k - 2 meat rations
 n - a beef jerky


   Skills:
 - Level 2.6 Fighting
 + Level 6.5 Maces & Flails
 - Level 2.0 Throwing
 - Level 2.6 Dodging


You had 3 spell levels left.
You didn't know any spells.

Dungeon Overview and Level Annotations

Branches:
Dungeon (3/15)

Altars:
Makhleb
Okawaru
Trog

Annotations:
D:3 Sigmund


Innate Abilities, Weirdness & Mutations

You are too large for most types of armour.
You have tough skin (AC +1).


Message History

Press: ? - help, Shift-Dir - straight line, f/p - phantom
Aim: a phantom (moderately damaged)
You throw a javelin. The javelin hits the phantom.
The phantom is heavily damaged.
You barely miss the phantom.
The phantom is heavily damaged.
The phantom hits you.
* * * LOW HITPOINT WARNING * * *
The phantom blinks!
You thump the phantom!
The phantom is severely damaged.
The phantom hits you!
* * * LOW HITPOINT WARNING * * *
You hit the phantom.
The phantom is almost destroyed.
The phantom barely misses you.
You miss the phantom.
The phantom is almost destroyed.
The phantom hits you.
You die...

.......# #.#########.#
.......## #........##.#
........# ########.##.#
......#.## #...<#.##.#
...####..# #....#.##.# ...#
##.## ###.#.#.##.#
...#####..##########...#.#.##.#
.................W.........>#.#
...######.######@###.#...<..#.#
...# #.## #.# #.###.#..#.###
#### ###..# #(###.###.#..#.##.
#....## #.##..#.....(#....
#.....# #.##'##.#.#.######
#.....## #.........#.# #.
#......# #....[....#.# ###.
#....#.# #......)..#.# #... #
#####......###.........#.# #.##


You could see a phantom.

Vanquished Creatures
  2 adders (D:2)
  6 giant geckos
  3 orcs (D:3)
  3 goblins (D:1)
  3 hobgoblins
  4 jackals (D:2)
  6 kobolds
  A quokka (D:2)
  3 ball pythons
  6 bats
  3 giant newts
  2 rats (D:2)
42 creatures vanquished.

Notes
Turn   | Place    | Note
--------------------------------------------------------------
     0 | D:1      | abixa the Ogre Gladiator began the quest for the Orb.
     0 | D:1      | Reached XP level 1. HP: 22/22 MP: 1/1
   165 | D:1      | Reached XP level 2. HP: 27/29 MP: 2/2
   562 | D:1      | Reached skill level 5 in Maces & Flails
   896 | D:2      | Reached XP level 3. HP: 36/36 MP: 3/3
  1246 | D:2      | Found a burning altar of Makhleb.
  1246 | D:2      | Found a bloodstained altar of Trog.
  1305 | D:2      | Reached skill level 6 in Maces & Flails
  1387 | D:2      | Found a faded altar to an unknown god.
  1684 | D:3      | Reached XP level 4. HP: 41/44 MP: 4/4
  1818 | D:3      | Noticed Sigmund
  1880 | D:3      | Noticed a phantom
  1988 | D:3      | Found an iron altar of Okawaru.
  2513 | D:2      | HP: 2/44 [phantom (7)]
  2515 | D:2      | Slain by a phantom

Vault maps used:
D:1:      dpeg_arrival_round_a
D:2:      gammafunk_temple_overflow_pools, ecumenical_altar_2, first_bread
D:3:      okawaru_ov_weapons_minmay, uniq_sigmund

Action                   |  1- 3 |  4- 6 || total
-------------------------+-------+-------++-------
Melee: Flail             |    94 |    96 ||   190
Throw: Stone             |    14 |    23 ||    37
       Javelin           |       |     1 ||     1
  Use: Scroll            |       |     5 ||     5
  Eat: Chunk             |     2 |     1 ||     3
       Beef jerky        |       |     1 ||     1
